 Dungeon Sprint DCSS version 0.27-a0-1119-gbf574a6a6b (webtiles) character file.

Game seed: 11319245486332845497

24172 mhtbhm the Scorcher (level 12, -1/62 HPs)
             Began as a Deep Elf Fire Elementalist on May 2, 2021.
             Was the Champion of Vehumet.
             Slain by a death scarab (17 damage)
             ... summoned by a royal mummy
             ... in the Dungeon (Sprint V: "Ziggurat Sprint").
             The game lasted 00:07:33 (1454 turns).

mhtbhm the Scorcher (Deep Elf Fire Elementalist)    Turns: 1454, Time: 00:07:34

Health: -1/62      AC:  7    Str:  5    XL:     12   Next: 78%
Magic:  22/35      EV: 19    Int: 38    God:    Vehumet [******]
Gold:   0          SH:  0    Dex: 18    Spells: 15/46 levels left

rFire    + + .     SeeInvis .   C - +8 lance "Wyrmbane" {slay drac, rPois rF+ rC+ AC+3}
rCold    + + +     Faith    .   (no shield)
rNeg     . . .     Spirit   .   a - +0 robe {rC+}
rPois    +         Reflect  .   (no helmet)
rElec    .         Harm     .   r - scarf {rC+ rF+}
rCorr    .         Rampage  .   s - +1 pair of gloves {Dex+3}
Will     +....     NoTele   +   (no boots)
Stlth    ++++......             A - amulet of regeneration
HPRegen  1.20/turn              u - +6 ring of intelligence
MPRegen  0.24/turn              v - +6 ring of intelligence

@: studying 3 skills
A: no striking features
a: Renounce Religion


You were in the Dungeon.
You worshipped Vehumet.
Vehumet was exalted by your worship.
You visited 1 branch

Inventory:

Hand Weapons
 C - the +8 lance "Wyrmbane" (weapon) {slay drac, rPois rF+ rC+ AC+3}
   (You found it in the Dungeon)

   It affects your AC (+3).
   It protects you from fire.
   It protects you from cold.
   It protects you from poison.
Armour
 a - a +0 robe of cold resistance (worn)
 r - a scarf of resistance (worn)
 s - a +1 pair of gloves of dexterity (worn)
 E - a +2 cloak of willpower
Jewellery
 k - an amulet of magic regeneration
 u - a +6 ring of intelligence (left hand)
 v - a +6 ring of intelligence (right hand)
 A - an amulet of regeneration (around neck)
Wands
 y - a wand of mindburst (7)
 z - a wand of iceblast (1)
Scrolls
 h - a scroll of blinking
 m - 4 scrolls of amnesia
 n - 7 scrolls of fog
 o - 2 scrolls of holy word
 p - 5 scrolls of identify
 q - 2 scrolls of fear
 t - a scroll of brand weapon
 F - 4 scrolls of enchant armour
 H - 4 scrolls of enchant weapon
Potions
 b - 2 potions of brilliance
 c - 9 potions of curing
 d - 5 potions of heal wounds
 e - 6 potions of haste
 f - 7 potions of magic
 g - 3 potions of berserk rage
 i - 2 potions of invisibility
 j - 4 potions of resistance
 l - 5 potions of might
Miscellaneous
 w - a phantom mirror
 x - a condenser vane (inert)
 B - a lightning rod (1/4)
 D - a tin of tremorstones (2/2)
 G - a box of beasts


   Skills:
 - Level 1.7 Fighting
 + Level 10.7 Dodging
 + Level 9.3 Stealth
 + Level 17.5 Spellcasting
 + Level 11.9 Conjurations
 + Level 19.6 Fire Magic
 * Level 9.1 Earth Magic
 + Level 9.6 Evocations


You had 15 spell levels left.
You knew the following spells:

 Your Spells              Type           Power      Damage    Failure   Level
a - Foxfire               Conj/Fire      100%       2x1d9     0%          1
b - Conjure Flame         Conj/Fire      100%       6-21      0%          3
c - Inner Flame           Hex/Fire       82%        N/A       1%          3
d - Sticky Flame          Conj/Fire      100%       2d11      0%          4
e - Fireball              Conj/Fire      50%        3d20      1%          5
f - Iron Shot             Conj/Erth      42%        9d8       1%          6
g - Shatter               Erth           40%        3d31*     99%         9

Your spell library contained the following spells:

 Spells                   Type           Power      Damage    Failure   Level
 Irradiate                Conj/Tmut      34%        3d24      1%          5
 Magic Dart               Conj           100%       1d8       0%          1
 Corona                   Hex            36%        N/A       1%          1
 Freeze                   Ice            100%       1d11      1%          1
 Shock                    Conj/Air       100%       1d9       1%          1
 Sting                    Tmut/Pois      100%       1d8       1%          1
 Call Imp                 Summ           33%        N/A       1%          2
 Ensorcelled Hibernation  Hex/Ice        66%        N/A       1%          2
 Static Discharge         Conj/Air       68%        N/A       1%          2
 Dazzling Flash           Conj/Hex       100%       N/A       1%          3
 Mephitic Cloud           Conj/Pois/Air  59%        N/A       1%          3
 Animate Armour           Summ/Erth      100%       N/A       1%          4
 Leda's Liquefaction      Hex/Erth       30%        N/A       1%          4
 Bolt of Magma            Conj/Fire/Erth 47%        4d19      1%          5
 Lightning Bolt           Conj/Air       34%        1d51      1%          5
 Confusing Touch          Hex            33%        N/A       2%          3
 Gell's Gravitas          Tloc           16%        N/A       2%          3
 Portal Projectile        Hex/Tloc       66%        N/A       2%          3
 Spider Form              Tmut/Pois      16%        N/A       2%          3
 Swiftness                Air            33%        N/A       2%          3
 Tukima's Dance           Hex            33%        N/A       2%          3
 Airstrike                Air            16%        N/A       2%          4
 Freezing Cloud           Conj/Ice/Air   29%        6-21      8%          6
 Passage of Golubria      Tloc           N/A        N/A       10%         4
 Spellforged Servitor     Conj/Summ      34%        N/A       17%         7
 Statue Form              Tmut/Erth      40%        N/A       22%         6
 Manifold Assault         Tloc           33%        N/A       26%         5
 Eringya's Noxious Bog    Tmut/Pois      16%        N/A       34%         6
 Dispersal                Tloc           16%        N/A       82%         6
 Simulacrum               Ice/Necr       16%        N/A       82%         6
 Ozocubu's Refrigeration  Ice            16%        4d8       86%         7
 Haunt                    Necr/Summ      16%        N/A       100%        7
 Malign Gateway           Summ/Tloc      16%        N/A       100%        7
 Monstrous Menagerie      Summ           16%        N/A       100%        7
 Disjunction              Tloc           16%        N/A       100%        8
 Summon Horrible Things   Summ           16%        N/A       100%        8


Dungeon Overview and Level Annotations

Branches:
Dungeon (1/1)

Altars:
Ashenzari
Cheibriados
Dithmenos
Elyvilon
Fedhas
Gozag
Hepliaklqana
Kikubaaqudgha
Makhleb
Nemelex Xobeh
Okawaru
Qazlal
Ru
Sif Muna
Trog
Uskayaw
Vehumet
Wu Jian
Xom
Yredelemnul
Zin
The Shining One
Beogh
Jiyva
Lugonu


Message History

Unknown command.
Unknown command.
Casting: Fireball (safe; 1% risk of failure)
Confirm with . or Enter, or press ? or * to list all spells.
Aiming: Fireball (safe; 1% risk of failure)
Press: ? - help, Shift-Dir - straight line, f - ushabti, p - royal mummy
Aim: an ushabti (foul pestilence, severely damaged)
Okay, then.
The royal mummy gestures at you while chanting.
Something smites you!
The guardian mummy is engulfed in freezing vapours.
The royal mummy is engulfed in freezing vapours.
The royal mummy points at you and mumbles some strange words.
Something smites you!
The mummy priest mumbles some strange prayers to its god against you.
Something smites you!
* * * LOW HITPOINT WARNING * * *
There is a transporter landing site here.
Unknown command.
Casting: Fireball (safe; 1% risk of failure)
Confirm with . or Enter, or press ? or * to list all spells.
You don't know that spell.
Casting: Fireball (safe; 1% risk of failure)
Confirm with . or Enter, or press ? or * to list all spells.
Aiming: Fireball (safe; 1% risk of failure)
Press: ? - help, Shift-Dir - straight line, p - royal mummy
Okay, then.
Okay, then.
Casting: Fireball (safe; 1% risk of failure)
Confirm with . or Enter, or press ? or * to list all spells.
Aiming: Fireball (safe; 1% risk of failure)
Press: ? - help, Shift-Dir - straight line, f - ushabti, p - royal mummy
Aim: an ushabti (foul pestilence, severely damaged)
The fireball explodes!
The fireball engulfs the ushabti!
The ushabti resists.
You destroy the ushabti!
Vehumet accepts your kill.
You feel your power returning.
The fireball engulfs the death scarab!!
The death scarab is severely damaged.
The death scarab bites you!
You die...

▓...=B}8)...▓...8©8...▓
▓..§§MMM§M..▓..}:[|...▓
▓......M....▓..))))...▓
▓......☼M...▓.........▓
▓.....○.....▓...÷)....▓
▓.....☼.....▓.........▓
▓..▓..○..▓..▓.........▓
▓.....B.....▓.........▓
▓.....@.....▓....©....▓
▓▓▓▓▓▓▓▓▓▓▓▓▓▓▓▓▓▓▓▓▓▓▓
▓...8©8...▓...8©8...▓..
▓...|..}..▓..))=.[..▓..
▓..[.):}..▓....).}..▓..
▓.........▓.........▓..
▓........)▓.........▓..
▓.........▓.........▓..
▓.........▓.........▓..


You could see 2 royal mummies, a mummy priest, 2 guardian mummies, a death
scarab (summoned) and a mummy.

Vanquished Creatures
  A reaper (D)
  3 dancing weapons (D)
  A deep elf knight (D)
  A skeletal warrior (D)
  2 deep elf archers (D)
  A flayed ghost (D)
  3 deep elf zephyrmancers (D)
  A deep elf pyromancer (D)
  2 toenail golems (D)
  A black mamba (D)
  A cane toad (D)
  4 tormentors (D)
  An efreet (D)
  2 komodo dragons (D)
  An ice devil (D)
  A guardian mummy (D)
  A red devil (D)
  3 merfolk (D)
  3 wind drakes (D)
  2 air elementals (D)
  A yak (D)
  A water elemental (D)
  A tarantella (D)
  2 wraiths (D)
  An ushabti (D)
  A basilisk (D)
  A naga (D)
  3 water moccasins (D)
  A hell hound (D)
  2 wolves (D)
  2 centaurs (D)
  3 scorpions (D)
  An earth elemental (D)
  A crimson imp (D)
  An iguana (D)
  2 iron imps (D)
  2 mummies (D)
  3 adders (D)
  A shadow imp (D)
  A white imp (D)
  2 bat skeletons (D)
  3 bat zombies (D)
  6 ball pythons (D)
  3 quokka zombies (D)
80 creatures vanquished.

Notes
Turn   | Place    | Note
-------+----------+-------------------------------------------
     0 | D        | mhtbhm the Deep Elf Fire Elementalist began the quest for
                  | the Orb.
     0 | D        | Reached XP level 1. HP: 10/10 MP: 6/6
     0 | D        | Found a shimmering blue altar of Sif Muna.
     0 | D        | Found a bloodstained altar of Trog.
     0 | D        | Found a sacrificial altar of Ru.
     0 | D        | Found a stormy altar of Qazlal.
     0 | D        | Found an iron altar of Okawaru.
     1 | D        | Found a sparkling altar of Nemelex Xobeh.
     1 | D        | Found a blossoming altar of Fedhas.
     2 | D        | Found the +6 Majin-Bo {vamp, MP+6 Int+6}
     2 | D        | Found the +9 heavy crossbow "Sniper" {vorpal, Acc+∞ SInv}
     2 | D        | Found the +10 dark maul {vorpal}
     2 | D        | Found the +15 Maxwell's patent armour {-Cast -Tele rElec
                  | Will+ rCorr}
     2 | D        | Found the +18 shield of the Gong {rElec rN+ Will+ EV-5}
     2 | D        | Found the +14 obsidian axe {vorpal, Drain Fly SInv}
     2 | D        | Found the +7 great mace "Firestarter" {inner flame, rF++}
     2 | D        | Found the +6 shillelagh "Devastator" {shatter}
     2 | D        | Found the +11 plutonium sword {Contam Stlth-}
     2 | D        | Found the +8 lance "Wyrmbane" {slay drac, rPois rF+ rC+
                  | AC+3}
     2 | D        | Found the +9 sword of Zonguldrok {reap}
     2 | D        | Found the +13 scythe of Curses {drain, Drain}
     2 | D        | Found the +5 sword of Power {vorpal}
     2 | D        | Found the +7 mace of Variability {chain chaos}
     2 | D        | Found the +7 Singing Sword {vorpal, sonic wave}
     2 | D        | Found the +8 storm bow {elec, penet}
     3 | D        | Found a transporter.
     3 | D        | Found an ancient bone altar of Kikubaaqudgha.
     3 | D        | Found a viscous altar of Jiyva.
     3 | D        | Found a corrupted altar of Lugonu.
     3 | D        | Found a hazy altar of Hepliaklqana.
     3 | D        | Found a burning altar of Makhleb.
     3 | D        | Found an opulent altar of Gozag.
    35 | D        | Became a worshipper of Vehumet
    55 | D        | Entered arena 2.
    55 | D        | Noticed a toenail golem
    55 | D        | Noticed a toenail golem
    55 | D        | Found a transporter.
    63 | D        | Killed a toenail golem
    64 | D        | Reached skill level 5 in Stealth
    64 | D        | Reached skill level 11 in Fire Magic
    64 | D        | Reached XP level 2. HP: 2/15 MP: 7/13
    64 | D        | Reached XP level 3. HP: 3/19 MP: 7/14
    64 | D        | Reached XP level 4. HP: 4/24 MP: 8/16
    64 | D        | Reached XP level 5. HP: 5/28 MP: 8/17
    64 | D        | Reached XP level 6. HP: 6/32 MP: 8/19
    65 | D        | Killed a toenail golem
    66 | D        | Reached skill level 12 in Fire Magic
    66 | D        | Reached XP level 7. HP: 29/37 MP: 8/22
    73 | D        | Got Vaschir's Almanac of the Virous Frostbite
   136 | D        | Learned a level 3 spell: Conjure Flame
   140 | D        | Learned a level 3 spell: Inner Flame
   145 | D        | Learned a level 4 spell: Sticky Flame
   151 | D        | Learned a level 5 spell: Fireball
   154 | D        | Entered arena 3.
   154 | D        | Noticed a yak
   154 | D        | Found a transporter.
   155 | D        | Reached * piety under Vehumet
   155 | D        | Offered knowledge of Shock by Vehumet.
   156 | D        | Reached skill level 10 in Spellcasting
   156 | D        | Reached skill level 13 in Fire Magic
   157 | D        | Killed a yak
   158 | D        | Reached XP level 8. HP: 42/42 MP: 7/24
   347 | D        | Entered arena 4.
   347 | D        | Noticed an efreet
   347 | D        | Found a transporter.
   348 | D        | Offered knowledge of Poisonous Vapours by Vehumet.
   348 | D        | Reached ** piety under Vehumet
   349 | D        | Reached skill level 1 in Fighting
   350 | D        | Killed an efreet
   351 | D        | Reached skill level 14 in Fire Magic
   351 | D        | Reached skill level 5 in Evocations
   351 | D        | Reached *** piety under Vehumet
   395 | D        | Entered arena 5.
   395 | D        | Found a transporter.
   396 | D        | Found the +5 scythe "Finisher" {speed, eviscerate}
   397 | D        | Reached **** piety under Vehumet
   449 | D        | Entered arena 6.
   449 | D        | Noticed a deep elf zephyrmancer
   449 | D        | Noticed an air elemental
   449 | D        | Noticed a deep elf archer
   449 | D        | Noticed an air elemental
   449 | D        | Found a transporter.
   450 | D        | Killed an air elemental
   451 | D        | Reached skill level 15 in Fire Magic
   452 | D        | Killed an air elemental
   452 | D        | Killed a deep elf zephyrmancer
   453 | D        | Reached XP level 9. HP: 47/47 MP: 24/27
   453 | D        | Killed a deep elf archer
   453 | D        | Reached ***** piety under Vehumet
   454 | D        | Reached skill level 16 in Fire Magic
   468 | D        | Got the Almanac of Burning Confrontation
   683 | D        | Entered arena 7.
   684 | D        | Offered knowledge of Frozen Ramparts by Vehumet.
   687 | D        | Found a transporter.
   693 | D        | Got the Catalogue of the Freezing Escort
   741 | D        | Entered arena 8.
   741 | D        | Noticed a komodo dragon
   741 | D        | Noticed a cane toad
   741 | D        | Noticed a black mamba
   741 | D        | Noticed a komodo dragon
   744 | D        | Killed a komodo dragon
   744 | D        | Reached ****** piety under Vehumet
   744 | D        | Killed a komodo dragon
   744 | D        | Killed a black mamba
   744 | D        | Killed a cane toad
   745 | D        | Reached skill level 10 in Dodging
   745 | D        | Reached skill level 5 in Conjurations
   745 | D        | Reached skill level 17 in Fire Magic
   745 | D        | Reached XP level 10. HP: 52/52 MP: 24/29
   746 | D        | Found a transporter.
   787 | D        | Entered arena 9.
   790 | D        | Found a transporter.
   824 | D        | Learned a level 6 spell: Iron Shot
   825 | D        | Entered arena 10.
   826 | D        | Offered knowledge of Hailstorm by Vehumet.
   832 | D        | Found a transporter.
  1052 | D        | Entered arena 11.
  1052 | D        | Noticed a +2 vorpal long sword
  1052 | D        | Noticed a deep elf knight
  1052 | D        | Noticed a +2 short sword of speed
  1052 | D        | Noticed a deep elf pyromancer
  1052 | D        | Noticed a deep elf zephyrmancer
  1052 | D        | Noticed a deep elf archer
  1052 | D        | Noticed a deep elf zephyrmancer
  1052 | D        | Noticed a +1 trident of flaming
  1053 | D        | Found the +8 demon trident "Rift" {distort, reach+}
  1053 | D        | Killed a +2 short sword of speed
  1053 | D        | Offered knowledge of Yara's Violent Unravelling by Vehumet.
  1054 | D        | Reached skill level 18 in Fire Magic
  1054 | D        | Killed a deep elf zephyrmancer
  1055 | D        | Killed a deep elf pyromancer
  1055 | D        | Killed a deep elf zephyrmancer
  1056 | D        | Reached skill level 15 in Spellcasting
  1056 | D        | Reached XP level 11. HP: 49/57 MP: 30/32
  1056 | D        | Killed a +1 trident of flaming
  1056 | D        | Killed a deep elf knight
  1057 | D        | Reached skill level 5 in Earth Magic
  1057 | D        | Killed a deep elf archer
  1057 | D        | Killed a +2 vorpal long sword
  1058 | D        | Reached skill level 10 in Conjurations
  1148 | D        | Found a transporter.
  1185 | D        | Entered arena 12.
  1186 | D        | Noticed a flayed ghost
  1186 | D        | Noticed a skeletal warrior
  1187 | D        | Offered knowledge of Starburst by Vehumet.
  1188 | D        | Killed a flayed ghost
  1189 | D        | Reached skill level 19 in Fire Magic
  1193 | D        | Killed a skeletal warrior
  1231 | D        | Found a transporter.
  1276 | D        | Reached XP level 12. HP: 62/62 MP: 34/34
  1281 | D        | Entered arena 13.
  1281 | D        | Noticed a reaper
  1290 | D        | Found a transporter.
  1294 | D        | Killed a reaper
  1446 | D        | Learned a level 9 spell: Shatter
  1447 | D        | Entered arena 14.
  1450 | D        | Noticed a royal mummy
  1450 | D        | Noticed a royal mummy
  1450 | D        | Noticed a mummy priest
  1451 | D        | Offered knowledge of Irradiate by Vehumet.
  1453 | D        | Noticed a death scarab
  1453 | D        | Noticed a death scarab
  1454 | D        | Slain by a death scarab

Illustrated notes

Levels and vault maps discovered:
D:        sprint_v [room_start, room_1, room_2, room_3, room_4, room_5, room_6,
          room_7, room_8, room_9, room_10, room_11, room_12, room_13, room_14,
          room_15, room_16, room_17, room_18, room_19, room_20, room_21,
          room_22, room_23, room_24, room_25, room_26, room_27]

Skill      XL: |  1  2  3  4  5  6  7  8  9 10 11 12 |
---------------+-------------------------------------+-----
Dodging        | 6 7 8 9 10 | 10.7
Stealth        | 5 6 8 9 |  9.3
Spellcasting   | 8 9 10 12 13 15 16 17 | 17.5
Conjurations   | 2 3 5 9 11 | 11.9
Fire Magic     | 11 12 13 15 17 18 19 | 19.6
Evocations     | 3 4 6 7 8 9 |  9.6
Fighting       | 1 |  1.7
Earth Magic    | 4 7 9 |  9.1

Action                   |  1- 3 |  4- 6 |  7- 9 | 10-12 || total
-------------------------+-------+-------+-------+-------++-------
Melee: Lance             |       |       |       |     1 ||     1
 Cast: Fireball          |       |       |    13 |    27 ||    40
Evoke: Wand              |     6 |       |     6 |     1 ||    13
       Lightning rod     |       |     1 |       |     9 ||    10
       Tin of tremorston |       |       |     1 |       ||     1
       Condenser vane    |       |       |       |     5 ||     5
  Use: Scroll            |     2 |       |       |     1 ||     3
       Potion            |       |     1 |     1 |     5 ||     7
Armor: Robe              |       |       |       |     4 ||     4
Dodge: Dodged            |       |       |       |    20 ||    20

Table legend: (Time is in decaauts)
 A = Elapsed time spent in this place.
 B = Non-inter-level travel time spent in this place.
 C = Inter-level travel time spent in this place.
 D = Time resting spent in this place.
 E = Time spent auto-exploring this place.
 F = Levels seen in this place.
 G = Mean time per level.
                   A        B        C        D        E       F      G
               +--------+--------+--------+--------+--------+-----+--------+
         Total |   1466 |   1466 |      0 |   1022 |      0 |   1 | 1466.0 |
       Dungeon |   1466 |   1466 |      0 |   1022 |      0 |   1 | 1466.0 |
               +--------+--------+--------+--------+--------+-----+--------+

Top non-repeatable levels by time:
       D: 1466 daAuts
